[ AOE2 MATCH · #504680135 ]
UnrankedChinese vs Koreans
Player's team · WIN
Rival team · LOSS
[ REPLAY ANALYSIS · EXTRACTED FROM THE RECORDED GAME ]
Feudal
11:49
Castle
25:38
Imperial
43:36
| APM avg | 56.2 |
| APM peak | 94 |
| eAPM avg | 29.2 |
| Villagers / military | 252 / 322 |
Focus
⚔️ 39.6% · 🌾 60.4%
Knight ×131 · Skirmisher ×91 · Scout Cavalry ×40 · Trebuchet (Packed) ×23 · Spearman ×18 · Chu Ko Nu ×15
Feudal
9:03
Castle
26:01
Imperial
44:56
| APM avg | 40.9 |
| APM peak | 79 |
| eAPM avg | 24.4 |
| Villagers / military | 194 / 273 |
Focus
⚔️ 43.9% · 🌾 56.1%
Archer ×224 · Fire Lancer ×16 · Spearman ×14 · Scout Cavalry ×12 · Skirmisher ×3 · Battering Ram ×3
Match map
Initial resources + every placement click. Lines = walls · curves = elevation contours. ◆ gold · ⬟ stone · ● berries · ✦ relic · ◌ wall gap
Your base· Open — unwalled flank
CoreLock's base· Open — unwalled flank
Smoothed initial terrain · ◌ = detected wall gap · hover for details
Inputs per minute
— jianglin612 - - CoreLock
Build order — jianglin612
First 150 of 829 actions detected
| 0:09 | Research | Loom |
| 0:09 | Research | Loom |
| 0:09 | Research | Loom |
| 0:52 | Create | Villager (Male) |
| 0:52 | Create | Villager (Male) |
| 0:52 | Create | Villager (Male) |
| 1:27 | Create | Villager (Male) |
| 2:02 | Create | Villager (Male) |
| 2:13 | Create | Villager (Male) |
| 2:14 | Create | Villager (Male) |
| 2:38 | Create | Villager (Male) |
| 2:58 | Build | Mill |
| 3:16 | Create | Villager (Male) |
| 3:29 | Create | Villager (Male) |
| 3:48 | Create | Villager (Male) |
| 4:31 | Create | Villager (Male) |
| 4:36 | Create | Villager (Male) |
| 4:52 | Build | House |
| 5:29 | Create | Villager (Male) |
| 5:29 | Create | Villager (Male) |
| 5:30 | Create | Villager (Male) |
| 6:08 | Build | Lumber Camp |
| 6:12 | Create | Villager (Male) |
| 6:22 | Create | Villager (Male) |
| 6:34 | Create | Villager (Male) |
| 6:38 | Build | Farm |
| 6:46 | Create | Villager (Male) |
| 6:59 | Create | Villager (Male) |
| 7:12 | Build | House |
| 7:19 | Create | Villager (Male) |
| 7:32 | Create | Villager (Male) |
| 8:13 | Build | Farm |
| 8:15 | Build | Farm |
| 8:19 | Create | Villager (Male) |
| 8:50 | Create | Villager (Male) |
| 9:22 | Research | Feudal Age |
| 9:22 | Research | Feudal Age |
| 9:28 | Build | Barracks |
| 9:37 | Create | Villager (Male) |
| 9:58 | Create | Villager (Male) |
| 10:19 | Create | Villager (Male) |
| 10:33 | Build | Farm |
| 10:55 | Create | Villager (Male) |
| 11:04 | Build | House |
| 11:09 | Build | Lumber Camp |
| 11:11 | Create | Villager (Male) |
| 11:22 | Build | Mining Camp |
| 11:42 | Create | Villager (Male) |
| 11:49 | Age | Feudal Age |
| 12:34 | Create | Villager (Male) |
| 12:37 | Build | Farm |
| 12:39 | Build | Farm |
| 12:42 | Build | Farm |
| 12:42 | Build | Farm |
| 13:22 | Create | Villager (Male) |
| 13:25 | Build | Farm |
| 13:36 | Build | Farm |
| 13:57 | Create | Villager (Male) |
| 14:08 | Create | Villager (Male) |
| 14:11 | Build | Farm |
| 14:11 | Build | Farm |
| 14:11 | Build | Farm |
| 14:11 | Build | Farm |
| 14:14 | Create | Villager (Male) |
| 14:26 | Create | Villager (Male) |
| 14:43 | Create | Villager (Male) |
| 15:02 | Create | Villager (Male) |
| 15:14 | Create | Villager (Male) |
| 15:20 | Build | House |
| 15:27 | Build | Farm |
| 15:37 | Build | Lumber Camp |
| 15:40 | Create | Villager (Male) |
| 15:56 | Create | Villager (Male) |
| 16:04 | Build | Watch Tower |
| 16:26 | Build | Mining Camp |
| 16:32 | Build | Farm |
| 16:46 | Create | Villager (Male) |
| 17:33 | Build | Market |
| 17:36 | Create | Villager (Male) |
| 17:44 | Create | Villager (Male) |
| 17:55 | Create | Villager (Male) |
| 17:59 | Build | Archery Range |
| 18:07 | Research | Double-Bit Axe |
| 18:08 | Create | Villager (Male) |
| 18:23 | Build | Mining Camp |
| 18:33 | Build | Lumber Camp |
| 18:35 | Create | Villager (Male) |
| 18:50 | Create | Villager (Male) |
| 18:57 | Build | Mill |
| 18:58 | Build | Farm |
| 18:58 | Build | Farm |
| 18:59 | Build | Farm |
| 18:59 | Build | Farm |
| 18:59 | Build | Farm |
| 19:07 | Build | House |
| 19:10 | Build | House |
| 19:42 | Create | Villager (Male) |
| 19:43 | Create | Villager (Male) |
| 19:47 | Create | Villager (Male) |
| 19:57 | Build | Watch Tower |
| 20:04 | Create | Villager (Male) |
| 20:08 | Build | Farm |
| 20:08 | Build | Farm |
| 20:09 | Build | Farm |
| 20:09 | Build | Farm |
| 20:09 | Build | Farm |
| 20:09 | Build | Farm |
| 20:22 | Create | Villager (Male) |
| 20:47 | Create | Villager (Male) |
| 20:57 | Create | Villager (Male) |
| 21:04 | Build | Mining Camp |
| 21:19 | Build | Blacksmith |
| 21:37 | Create | Villager (Male) |
| 21:57 | Create | Villager (Male) |
| 22:09 | Build | Farm |
| 22:12 | Build | Farm |
| 22:30 | Build | Lumber Camp |
| 22:56 | Research | Castle Age |
| 23:17 | Create | Villager (Male) |
| 23:36 | Research | Fletching |
| 23:36 | Research | Fletching |
| 23:36 | Create | Villager (Male) |
| 23:51 | Create | Villager (Male) |
| 24:01 | Build | Stable |
| 24:11 | Build | Lumber Camp |
| 24:21 | Create | Trade Cart |
| 24:44 | Create | Villager (Male) |
| 24:52 | Create | Villager (Male) |
| 24:56 | Research | Wheelbarrow |
| 25:01 | Create | Villager (Male) |
| 25:04 | Build | Mining Camp |
| 25:15 | Create | Villager (Male) |
| 25:25 | Research | Bloodlines |
| 25:25 | Research | Bloodlines |
| 25:34 | Build | Farm |
| 25:38 | Age | Castle Age |
| 25:41 | Create | Knight |
| 25:47 | Build | Town Center |
| 26:03 | Build | Town Center |
| 26:06 | Create | Villager (Male) |
| 26:21 | Research | Bodkin Arrow |
| 26:24 | Create | Villager (Male) |
| 26:27 | Create | Knight |
| 26:31 | Create | Villager (Male) |
| 26:35 | Research | Stone Mining |
| 26:36 | Research | Gold Mining |
| 26:46 | Research | Bow Saw |
| 26:48 | Create | Villager (Male) |
| 26:50 | Create | Villager (Male) |
| 27:08 | Create | Villager (Male) |
Build order — CoreLock
First 150 of 673 actions detected
| 0:07 | Build | House |
| 0:08 | Create | Villager (Male) |
| 0:10 | Create | Villager (Male) |
| 0:10 | Create | Villager (Male) |
| 0:11 | Build | House |
| 0:12 | Create | Villager (Male) |
| 1:05 | Build | Lumber Camp |
| 1:41 | Create | Villager (Male) |
| 1:41 | Create | Villager (Male) |
| 2:17 | Create | Villager (Male) |
| 2:18 | Create | Villager (Male) |
| 2:42 | Create | Villager (Male) |
| 2:57 | Create | Villager (Male) |
| 2:57 | Create | Villager (Male) |
| 3:29 | Create | Villager (Male) |
| 3:35 | Create | Villager (Male) |
| 3:35 | Create | Villager (Male) |
| 3:54 | Create | Villager (Male) |
| 3:55 | Create | Villager (Male) |
| 4:56 | Build | Mining Camp |
| 5:10 | Create | Villager (Male) |
| 5:26 | Create | Villager (Male) |
| 5:58 | Create | Villager (Male) |
| 6:17 | Research | Loom |
| 6:53 | Research | Feudal Age |
| 7:32 | Build | House |
| 9:03 | Age | Feudal Age |
| 9:06 | Create | Villager (Male) |
| 9:10 | Research | Double-Bit Axe |
| 9:13 | Build | Watch Tower |
| 9:26 | Create | Villager (Male) |
| 9:37 | Build | Watch Tower |
| 9:54 | Build | Mill |
| 9:58 | Create | Villager (Male) |
| 10:03 | Build | House |
| 10:05 | Build | House |
| 10:17 | Build | Watch Tower |
| 10:32 | Build | House |
| 10:33 | Build | House |
| 11:06 | Build | Market |
| 11:43 | Build | Watch Tower |
| 11:46 | Create | Villager (Male) |
| 11:46 | Create | Villager (Male) |
| 12:18 | Create | Villager (Male) |
| 12:43 | Create | Villager (Male) |
| 12:47 | Build | Mining Camp |
| 13:18 | Build | House |
| 13:33 | Create | Villager (Male) |
| 13:33 | Create | Villager (Male) |
| 14:06 | Create | Villager (Male) |
| 14:24 | Create | Villager (Male) |
| 14:43 | Build | Watch Tower |
| 15:01 | Create | Villager (Male) |
| 15:21 | Create | Villager (Male) |
| 15:28 | Build | Farm |
| 15:28 | Build | Farm |
| 15:28 | Build | Farm |
| 15:29 | Build | Farm |
| 15:30 | Create | Villager (Male) |
| 15:58 | Build | Watch Tower |
| 16:17 | Create | Villager (Male) |
| 16:22 | Create | Villager (Male) |
| 16:24 | Build | Blacksmith |
| 16:42 | Create | Villager (Male) |
| 17:09 | Research | Fletching |
| 17:09 | Research | Fletching |
| 17:25 | Create | Villager (Male) |
| 17:30 | Build | Lumber Camp |
| 17:41 | Build | Farm |
| 17:41 | Build | Farm |
| 17:42 | Build | Farm |
| 17:42 | Build | Farm |
| 17:42 | Build | Farm |
| 17:58 | Create | Villager (Male) |
| 17:59 | Create | Villager (Male) |
| 18:07 | Build | Watch Tower |
| 18:20 | Create | Villager (Male) |
| 18:24 | Build | Farm |
| 18:29 | Create | Villager (Male) |
| 18:50 | Build | Farm |
| 18:50 | Build | Farm |
| 18:50 | Build | Farm |
| 18:51 | Build | Farm |
| 18:51 | Build | Farm |
| 19:04 | Build | Watch Tower |
| 19:40 | Create | Villager (Male) |
| 19:45 | Build | Watch Tower |
| 19:46 | Create | Villager (Male) |
| 19:59 | Create | Villager (Male) |
| 20:02 | Build | Farm |
| 20:02 | Build | Farm |
| 20:03 | Build | Farm |
| 20:03 | Build | Farm |
| 20:05 | Create | Villager (Male) |
| 20:41 | Create | Villager (Male) |
| 20:47 | Build | Farm |
| 20:47 | Build | Farm |
| 20:47 | Build | Farm |
| 21:22 | Create | Villager (Male) |
| 21:59 | Create | Villager (Male) |
| 22:02 | Build | Farm |
| 22:03 | Build | Farm |
| 22:03 | Build | Farm |
| 22:03 | Build | Farm |
| 22:12 | Build | Farm |
| 22:12 | Build | Farm |
| 22:12 | Build | Farm |
| 22:13 | Build | Farm |
| 22:13 | Build | Farm |
| 22:13 | Build | Farm |
| 22:26 | Build | Farm |
| 22:27 | Build | Farm |
| 22:49 | Build | Watch Tower |
| 22:55 | Create | Villager (Male) |
| 23:21 | Research | Castle Age |
| 23:27 | Build | Watch Tower |
| 23:35 | Build | Farm |
| 23:35 | Build | Farm |
| 23:37 | Build | House |
| 23:40 | Build | House |
| 23:44 | Build | House |
| 23:46 | Build | Palisade Wall |
| 23:48 | Build | House |
| 24:00 | Create | Villager (Male) |
| 24:24 | Create | Villager (Male) |
| 24:33 | Create | Villager (Male) |
| 25:00 | Research | Wheelbarrow |
| 25:01 | Create | Villager (Male) |
| 25:16 | Build | Barracks |
| 25:18 | Create | Villager (Male) |
| 25:38 | Create | Villager (Male) |
| 26:01 | Age | Castle Age |
| 26:06 | Research | Bodkin Arrow |
| 26:07 | Research | Bodkin Arrow |
| 26:12 | Create | Villager (Male) |
| 26:20 | Create | Villager (Male) |
| 26:48 | Build | Watch Tower |
| 26:55 | Create | Villager (Male) |
| 27:09 | Create | Villager (Male) |
| 27:19 | Create | Villager (Male) |
| 27:36 | Build | Archery Range |
| 27:55 | Build | Lumber Camp |
| 28:22 | Research | Crossbowman (upgrade) |
| 28:22 | Create | Archer |
| 28:22 | Create | Archer |
| 28:23 | Create | Archer |
| 28:32 | Create | Villager (Male) |
| 28:43 | Build | Watch Tower |
| 29:00 | Create | Villager (Male) |
| 29:17 | Create | Fire Lancer |
Match timeline
| 9:03 | CoreLock · age_up feudal |
| 9:28 | jianglin612 · first_building Barracks |
| 11:49 | jianglin612 · age_up feudal |
| 17:59 | jianglin612 · first_building Archery Range |
| 21:49 | jianglin612 · first_market_buy 100 food |
| 23:46 | CoreLock · wall_segment Palisade Wall x1 |
| 24:01 | jianglin612 · first_building Stable |
| 25:16 | CoreLock · first_building Barracks |
| 25:38 | jianglin612 · age_up castle |
| 26:01 | CoreLock · age_up castle |
| 27:36 | CoreLock · first_building Archery Range |
| 27:52 | CoreLock · first_market_buy 100 wood |
| 29:48 | CoreLock · first_market_sell 100 food |
| 30:32 | jianglin612 · first_building Castle |
| 33:18 | CoreLock · first_building Siege Workshop |
| 41:39 | jianglin612 · first_building Monastery |
| 43:36 | jianglin612 · age_up imperial |
| 44:56 | CoreLock · age_up imperial |
| 48:57 | CoreLock · first_building Stable |
| 53:41 | CoreLock · first_building Castle |
| 68:06 | CoreLock · resign |
[ AI ANALYSIS · 1 CREDIT ]
What really happened in this match?
Wolo.gg analyzes every decision: build order, eco, micro, common mistakes by bracket. Personalized analysis on WhatsApp or Discord in 30 seconds.
Civ guide
Chinese
Perfil
Jugador #24093790